 Dungeon Crawl Stone Soup version 0.28-a0-751-gef3a642a4e (webtiles) character file.

Game seed: 12663390225798987555

209079 mandarbmax the Imperceptible (level 19, -6/121 HPs)
             Began as a Kobold Brigand on Oct 30, 2021.
             Was a High Priest of Wu Jian.
             Mangled by a golden dragon simulacrum (16 damage)
             ... in an ice cave on Oct 31, 2021.
             The game lasted 01:56:20 (37014 turns).

mandarbmax the Imperceptible (Kobold Brigand)      Turns: 37014, Time: 01:56:20

Health: -6/121     AC: 17    Str: 17    XL:     19   Next: 99%
Magic:  19/19      EV: 31    Int: 16    God:    Wu Jian [*****.]
Gold:   2000       SH: 21    Dex: 27    Spells: 18/18 levels left

rFire   . . .      SeeInvis +   e - +5 dagger (speed)
rCold   + . .      Faith    .   E - +2 kite shield {rC+}
rNeg    . . .      Spirit   .   S - +4 robe of Augmentation {Str+4 Int+4 Dex+4}
rPois   .          Reflect  +   R - +1 hat
rElec   .          Harm     .   s - +2 cloak
rCorr   .          Rampage  .   H - +2 pair of gloves {Dex+3}
Will    +....                   a - +1 pair of boots
Stlth   +++++++++.              y - amulet of reflection
HPRegen 0.30/turn               v - +4 ring of slaying
MPRegen 0.16/turn               u - ring of see invisible

@: exhausted
A: small, no large weapons, nightstalker 3
a: Renounce Religion, Wall Jump, Serpent's Lash, Heavenly Storm


You were in an ice cave.
You worshipped Wu Jian.
Wu Jian was extremely pleased with you.
You visited 5 branches of the dungeon, and saw 26 of its levels.
You also visited: Sewer, Ice Cave and Desolation.

You collected 3018 gold pieces.
You spent 1018 gold pieces at shops.

Inventory:

Hand Weapons
 e - a +5 dagger of speed (weapon)
Missiles
 d - 67 poisoned darts (quivered)
 k - 2 curare-tipped darts
 K - 3 atropa-tipped darts
 Q - a throwing net
Armour
 a - a +1 pair of boots (worn)
 s - a +2 cloak (worn)
 E - a +2 kite shield of cold resistance (worn)
 H - a +2 pair of gloves of dexterity (worn)
 R - a +1 hat (worn)
 S - the +4 robe of Augmentation (worn) {Str+4 Int+4 Dex+4}
   (You found it in the Desolation of Salt)

   Str:       It affects your strength (+4).
   Int:       It affects your intelligence (+4).
   Dex:       It affects your dexterity (+4).
Jewellery
 c - a ring of protection from fire
 u - a ring of see invisible (right hand)
 v - a +4 ring of slaying (left hand)
 y - an amulet of reflection (around neck)
 C - a ring of willpower
 D - the ring "Inohib" {MP+9 Str+3 SInv}
   (You found it in the Desolation of Salt)

   [ring of see invisible]

   Str:       It affects your strength (+3).
   MP:        It affects your magic capacity (+9).
   SInv:      It lets you see invisible.
 P - a ring of resist corrosion
 W - a +6 ring of dexterity
 Y - a +6 ring of dexterity
Wands
 x - a wand of flame (27)
 A - a wand of paralysis (10)
 M - a wand of iceblast (43)
 N - a wand of acid (9)
 X - a wand of digging (7)
Scrolls
 f - a scroll of acquirement
 g - 2 scrolls of immolation
 h - 3 scrolls of magic mapping
 l - 3 scrolls of fog
 m - a scroll of summoning
 n - 3 scrolls of teleportation
 o - 2 scrolls of blinking
 p - 2 scrolls of enchant weapon
 w - a scroll of holy word
 F - a scroll of brand weapon
 L - 7 scrolls of amnesia
Potions
 b - 3 potions of attraction {unknown}
 i - a potion of curing
 j - 10 potions of ambrosia
 q - 9 potions of flight {unknown}
 r - 2 potions of haste
 t - 2 potions of mutation
 z - 6 potions of brilliance
 G - a potion of resistance
 I - 2 potions of cancellation
 T - a potion of magic
 U - 2 potions of berserk rage
 V - 2 potions of might
Miscellaneous
 B - a phial of floods
 J - a condenser vane
 O - a box of beasts
 Z - a lightning rod (4/4)


   Skills:
 - Level 14.0 Fighting
 - Level 14.0 Short Blades
 - Level 10.0 Throwing
 - Level 10.0 Armour
 - Level 16.0 Dodging
 - Level 21.0 Stealth
 + Level 9.7 Shields
 - Level 11.0 Evocations


You had 18 spell levels left.
You didn't know any spells.
Your spell library contained the following spells:

 Spells                   Type           Power      Damage    Failure   Level
 Animate Skeleton         Necr           0%         N/A       56%         1
 Apportation              Tloc           0%         N/A       56%         1
 Sandblast                Erth           0%         2d4       56%         1
 Summon Small Mammal      Summ           0%         N/A       56%         1
 Passwall                 Tmut/Erth      0%         N/A       71%         2
 Portal Projectile        Hex/Tloc       0%         N/A       91%         3
 Stone Arrow              Conj/Erth      0%         3d7       91%         3
 Summon Guardian Golem    Hex/Summ       0%         N/A       91%         3
 Swiftness                Air            0%         N/A       91%         3
 Summon Ice Beast         Ice/Summ       0%         N/A       100%        4
 Alistair's Intoxication  Tmut/Pois      0%         N/A       100%        5
 Blade Hands              Tmut           0%         N/A       100%        5
 Excruciating Wounds      Necr           0%         N/A       100%        5
 Fireball                 Conj/Fire      0%         3d3       100%        5
 Freezing Cloud           Conj/Ice/Air   0%         6-21      100%        5
 Iskenderun's Battlesphe  Conj           0%         2d6       100%        5
 Summon Forest            Summ/Tloc      0%         N/A       100%        5
 Conjure Ball Lightning   Conj/Air       0%         3x3d6     100%        6
 Eringya's Noxious Bog    Tmut/Pois      0%         N/A       100%        6
 Invisibility             Hex            0%         N/A       100%        6
 Simulacrum               Ice/Necr       0%         N/A       100%        6
 Summon Cactus Giant      Summ           0%         N/A       100%        6
 Orb of Destruction       Conj           0%         N/A       100%        7
 Summon Hydra             Summ           0%         N/A       100%        7
 Summon Horrible Things   Summ           0%         N/A       100%        8
 Polar Vortex             Ice            0%         N/A       100%        9


Dungeon Overview and Level Annotations

Branches:
Dungeon (15/15)            Temple (0/1) D:7            Lair (6/6) D:11
  Swamp (1/4) Lair:2       Spider (0/4) Lair:3        Slime (0/5) Lair:5
    Orc (2/2) D:9             Elf (2/3) Orc:2        Vaults (0/5) D:14
 Depths (0/4) D:15          Sewer (visited)           IceCv (1/1)
Desolation (visited)

Altars:
Cheibriados
Dithmenos
Elyvilon
Hepliaklqana
Makhleb
Nemelex Xobeh
Okawaru
Qazlal
Trog
Uskayaw
Vehumet
Wu Jian
Xom
Zin
The Shining One

Shops:
D:1 (   D:5 =   Orc:2 *[(=   Elf:1 =[(

Annotations:
D:10 Urug


Innate Abilities, Weirdness & Mutations

You are small and have problems with some larger weapons.
You are completely attuned to the shadows.


Message History

The golden dragon simulacrum misses you.
The golden dragon simulacrum closely misses you.
You lunge at the golden dragon simulacrum, in a flurry of attacks.
You hit the golden dragon simulacrum.
The golden dragon simulacrum is moderately damaged.
You hit the golden dragon simulacrum but do no damage.
The golden dragon simulacrum is moderately damaged.
The golden dragon simulacrum bites you!!
The golden dragon simulacrum freezes you!
You resist.
* * * LOW HITPOINT WARNING * * *
You block the golden dragon simulacrum's attack. x2
There is an ice covered gate leading back out of this place, spattered with blood here.
Your muscles tense, ready for explosive movement...
Aiming: Wall Jump
Press: ? - help, Dir - move target You repeatedly attack the golden dragon simulacrum from above, with incredible momentum.
You puncture the golden dragon simulacrum!
The golden dragon simulacrum is heavily damaged.
You hit the golden dragon simulacrum but do no damage.
The golden dragon simulacrum is heavily damaged.
You hit the golden dragon simulacrum but do no damage.
The golden dragon simulacrum is heavily damaged.
You hit the golden dragon simulacrum.
The golden dragon simulacrum is heavily damaged.
You hit the golden dragon simulacrum.
The golden dragon simulacrum is severely damaged.
Your supernatural speed expires.
Unknown command.
Aiming: Corrosive Bolt
Press: ? - help, Shift-Dir - straight line, f - golden dragon simulacrum
Aim: a golden dragon simulacrum (severely damaged, 100% to hit)
The bolt of acid hits the golden dragon simulacrum!
The acid corrodes the golden dragon simulacrum!
The golden dragon simulacrum is almost destroyed.
The golden dragon simulacrum bites you!
* * * LOW HITPOINT WARNING * * *
The golden dragon simulacrum freezes you!
You resist.
You die...

#######
#.....## .
#......## ..
#.°○....#..Z
#°○Z@∩.....Z
#.°°○...#...
#......## ..
#.....## .
#######


You could see a golden dragon simulacrum (corroded).

Vanquished Creatures
  Rupert (D:13)
  A deep elf blademaster (Elf:2)
  Gastronok (Lair:1)
  2 imperial myrmidons (Desolation)
  An orc warlord (Orc:2)
  2 angels (Elf:2)
  The ghost of AttackTheMoon the Basher, a journeyman TrMo of the Shining One (Orc:2)
  2 halazid warlocks (Desolation)
  6 dire elephants (Lair:6)
  2 crystal guardians (Desolation)
  An eleionoma (Swamp:1)
  5 servants of whispers (Desolation)
  3 boulder beetles
  7 ragged hierophants (Desolation)
  3 peacekeepers (Desolation)
  5 hydras
  2 catoblepae
  3 centaur warriors
  8 two-headed ogres
  Erica (D:8)
  23 dancing weapons
  A death knight (D:15)
  A death yak (Lair:6)
  6 tengu warriors
  4 orc high priests (Orc:2)
  11 deep elf knights
  3 spectral death yaks (Lair:6)
  6 skeletal warriors
  2 goliath frogs (Swamp:1)
  A spectral anaconda (Lair:6)
  An obsidian statue (Lair:6)
  2 deep elf archers (Elf:1)
  A wizard (D:15)
  2 ironbound convokers (Desolation)
  A phantasmal warrior (D:15)
  A wolf spider zombie (D:15)
  6 orc knights
  5 necromancers
  17 deep elf pyromancers
  A wolf spider (Lair:3)
  3 orc sorcerers
  4 cyclopes
  17 deep elf zephyrmancers
  14 ugly things
  A manticore (D:15)
  11 elephants
  Maurice (D:11)
  A black mamba (Lair:3)
  2 naga magi (D:15)
  4 guardian serpents (Desolation)
  A gargoyle (D:14)
  7 cane toads
  Maggie (D:8)
  A dire elephant skeleton (Lair:6)
  2 rime drakes
  2 freezing wraiths (D:15)
  9 komodo dragons
  A yaktaur (shapeshifter) (D:13)
  3 tengu conjurers
  6 trolls
  3 meliai (Lair:5)
  A meliai (shapeshifter) (Elf:1)
  4 polar bears
  A queen bee (Lair:5)
  A jumping spider (Lair:3)
  40 saltlings (Desolation)
  3 spectral elephants (Lair:6)
  Prince Ribbit (D:6)
  22 blink frogs
  17 slime creatures
  2 air elementals (Elf:1)
  2 redbacks (Lair:3)
  3 wyverns
  A vampire (D:14)
  38 yaks
  A shadow (D:11)
  A water elemental (Elf:2)
  2 wraiths
  A hog (shapeshifter) (D:15)
  3 basilisks
  A fire elemental (Elf:2)
  A steam dragon (D:5)
  Grum (D:8)
  A death yak simulacrum (Lair:6)
  14 vampire mosquitoes
  2 spectral cane toads (Lair:6)
  4 wargs
  7 water moccasins
  3 ice beasts
  30 orc warriors
  3 elephant zombies (Lair:6)
  2 sky beasts
  3 black bears
  7 centaurs
  6 ogres
  3 elephant skeletons (Lair:6)
  37 wolves
  A phantom (D:4)
  6 kobold brigands
  13 bullfrogs
  3 gnoll sergeants
  A wyvern skeleton (D:6)
  3 cane toad simulacra (Lair:6)
  4 earth elementals
  5 scorpions
  21 killer bees (Lair:5)
  An elephant simulacrum (Lair:6)
  2 howler monkeys (D:5)
  An electric eel (Lair:1)
  2 centaur zombies
  A bullfrog zombie (D:5)
  4 jellies
  13 orc priests
  5 centaur skeletons
  An iron imp (D:8)
  5 iguanas
  23 orc wizards
  Natasha (thrice) (D:4)
  A scorpion zombie (D:5)
  A killer bee zombie (D:9)
  A hound skeleton (D:5)
  A howler monkey skeleton (D:5)
  19 gnolls
  7 adders
  A river rat (Sewer)
  A shadow imp (D:8)
  A white imp (D:6)
  2 ufetubi
  An adder zombie (D:5)
  5 worms
  3 dart slugs
  76 orcs
  6 bats
  11 endoplasms
  5 giant cockroaches
  8 goblins
  8 hobgoblins
  4 jackals (D:1)
  6 quokkas
  11 ball pythons
  5 frilled lizards
  12 kobolds
  8 rats
837 creatures vanquished.

Vanquished Creatures (collateral kills)
  A dancing weapon (Elf:2)
  An orc warrior (Orc:2)
2 creatures vanquished.

Vanquished Creatures (others)
  Nessos (Orc:2)
  A cane toad (Lair:2)
  39 fungi
  42 plants
  14 withered plants
97 creatures vanquished.

Grand Total: 936 creatures vanquished

Notes
Turn   | Place    | Note
-------+----------+-------------------------------------------
     0 | D:1      | mandarbmax the Kobold Brigand began the quest for the Orb.
     0 | D:1      | Reached XP level 1. HP: 12/12 MP: 1/1
   103 | D:1      | Reached XP level 2. HP: 17/17 MP: 2/2
   246 | D:1      | Found a faded altar of an unknown god.
   793 | D:1      | Reached XP level 3. HP: 21/21 MP: 3/3
   936 | D:1      | Found Koykuij's Antique Weapon Shop.
  1327 | D:2      | Reached skill level 6 in Stealth
  1503 | D:2      | Reached XP level 4. HP: 26/26 MP: 4/4
  2208 | D:3      | Found a burning altar of Makhleb.
  2210 | D:3      | Found a glowing silver altar of Zin.
  2210 | D:3      | Noticed a cacodemon
  2211 | D:3      | Noticed an angel
  2734 | D:4      | Reached skill level 5 in Short Blades
  2734 | D:4      | Reached skill level 7 in Stealth
  2734 | D:4      | Reached XP level 5. HP: 17/30 MP: 5/5
  3106 | D:4      | Noticed a phantom
  3167 | D:4      | Noticed Natasha
  3171 | D:4      | Killed Natasha
  3172 | D:4      | Reached XP level 6. HP: 36/36 MP: 6/6
  3220 | D:4      | Noticed Natasha
  3228 | D:4      | Killed Natasha
  3457 | D:4      | Noticed Natasha
  3462 | D:4      | Killed Natasha
  3718 | D:5      | Entered Level 5 of the Dungeon
  3748 | D:5      | Reached XP level 7. HP: 39/41 MP: 7/7
  4049 | D:5      | Reached XP level 8. HP: 15/46 MP: 8/8
  4354 | D:5      | Reached skill level 1 in Shields
  4432 | D:5      | Reached skill level 10 in Short Blades
  4710 | D:5      | Found a large runed translucent door.
  4710 | D:5      | Found a large runed translucent door.
  4758 | D:5      | Found Qyugann's Jewellery Emporium.
  4864 | D:5      | Found an ornate altar of the Wu Jian Council.
  4868 | D:5      | Noticed a spectral centipede
  4868 | D:5      | Noticed a spectral black mamba
  4869 | D:5      | Became a worshipper of the Wu Jian Council
  5271 | D:5      | Reached XP level 9. HP: 50/50 MP: 9/9
  5273 | D:5      | Found a hide-covered altar of Uskayaw.
  5285 | D:5      | Found a radiant altar of Vehumet.
  5330 | D:6      | Noticed Prince Ribbit
  5333 | D:6      | Killed Prince Ribbit
  5343 | D:6      | Found a glowing drain.
  5350 | D:6      | Reached skill level 1 in Evocations
  5351 | Sewer    | Entered a sewer
  5386 | Sewer    | Reached * piety under Wu Jian
  6169 | D:6      | Reached skill level 5 in Shields
  6690 | D:6      | Reached ** piety under Wu Jian
  6691 | D:6      | Reached skill level 5 in Fighting
  6696 | D:6      | Found a shadowy altar of Dithmenos.
  6746 | D:6      | Reached XP level 10. HP: 59/59 MP: 10/10
  6791 | D:6      | Found a shimmering altar of Xom.
  7135 | D:6      | Found a bloodstained altar of Trog.
  7135 | D:6      | Found an iron altar of Okawaru.
  7533 | D:7      | Found a staircase to the Ecumenical Temple.
  7893 | D:7      | Identified the +8 chain mail of Xotahu {Dex+6 Stlth-}
  8245 | D:8      | Noticed Grum
  8640 | D:8      | Noticed Maggie
  8644 | D:8      | Killed Maggie
  8645 | D:8      | Reached skill level 5 in Dodging
  8745 | D:8      | Killed Grum
  8940 | D:8      | Found a sparkling altar of Nemelex Xobeh.
  8980 | D:8      | Found a snail-covered altar of Cheibriados.
  9035 | D:8      | Reached skill level 1 in Armour
  9049 | D:8      | Noticed Erica
  9229 | D:8      | Killed Erica
  9475 | D:8      | Identified the +8 mace "Tytt" {elec, rN+ rCorr Int+4}
  9729 | D:9      | Reached *** piety under Wu Jian
  9822 | D:9      | Found a staircase to the Orcish Mines.
  9865 | D:9      | Noticed a two-headed ogre
  9880 | D:9      | Killed a two-headed ogre
  9881 | D:9      | Reached skill level 8 in Stealth
  9881 | D:9      | Reached XP level 11. HP: 50/64 MP: 11/11
 10437 | D:9      | Reached skill level 9 in Stealth
 10674 | D:10     | Entered Level 10 of the Dungeon
 10726 | D:10     | Reached skill level 10 in Stealth
 11275 | D:10     | Noticed Urug
 11408 | D:10     | Noticed a two-headed ogre
 11417 | D:10     | Killed a two-headed ogre
 11427 | D:10     | HP: 2/67 [Urug (9)]
 11836 | D:10     | Found a white marble altar of Elyvilon.
 12063 | D:10     | Found a hazy altar of Hepliaklqana.
 12259 | D:11     | Noticed Maurice
 12274 | D:11     | Killed Maurice
 12290 | D:11     | Reached skill level 5 in Throwing
 12329 | D:11     | Found a staircase to the Lair.
 12902 | D:11     | Noticed a five-headed hydra
 12905 | D:11     | Killed a five-headed hydra
 12988 | D:11     | Noticed a two-headed ogre
 12990 | D:11     | Killed a two-headed ogre
 12991 | D:11     | Reached skill level 5 in Evocations
 13005 | D:11     | Noticed a two-headed ogre
 13008 | D:11     | Killed a two-headed ogre
 13009 | D:11     | Reached skill level 11 in Stealth
 13009 | D:11     | Reached XP level 12. HP: 73/73 MP: 12/12
 13152 | D:11     | Found a stormy altar of Qazlal.
 13413 | D:11     | Noticed a centaur warrior
 13427 | D:11     | Killed a centaur warrior
 13838 | D:12     | Reached skill level 12 in Stealth
 14013 | D:12     | Noticed a boulder beetle
 14016 | D:12     | Killed a boulder beetle
 14017 | D:12     | Reached skill level 10 in Dodging
 14045 | D:12     | Noticed a two-headed ogre
 14050 | D:12     | Killed a two-headed ogre
 14400 | D:13     | Noticed a centaur warrior
 14401 | D:13     | Killed a centaur warrior
 14449 | D:13     | Reached **** piety under Wu Jian
 14451 | D:13     | Reached skill level 10 in Fighting
 14744 | Lair:1   | Entered Level 1 of the Lair of Beasts
 14874 | Lair:1   | Noticed Gastronok
 14911 | Lair:1   | Killed Gastronok
 14912 | Lair:1   | Reached XP level 13. HP: 44/82 MP: 13/13
 16011 | D:5      | Bought a +6 ring of dexterity for 643 gold pieces
 16197 | Lair:2   | Reached skill level 13 in Stealth
 16305 | Lair:2   | Noticed a catoblepas
 16309 | Lair:2   | Noticed a seven-headed hydra
 16314 | Lair:2   | Killed a seven-headed hydra
 16318 | Lair:2   | HP: 2/82 [catoblepas (30)]
 16767 | Lair:2   | Killed a catoblepas
 16767 | Lair:2   | Reached skill level 14 in Stealth
 16807 | Lair:2   | Found a staircase to the Swamp.
 16912 | Lair:2   | Reached skill level 5 in Armour
 17135 | Lair:2   | Identified a scroll of acquirement
 17204 | Lair:2   | Noticed a four-headed hydra
 17219 | Lair:2   | Killed a four-headed hydra
 17371 | Lair:2   | Identified the +9 long sword "Beetlebane" {spect, rN+ rCorr
                  | Int+2}
 18184 | Lair:3   | Found a hole to the Spider Nest.
 18523 | Lair:4   | Reached XP level 14. HP: 84/91 MP: 14/14
 18772 | Lair:4   | Reached ***** piety under Wu Jian
 20078 | Lair:5   | You fall into a shaft and drop 1 floor!
 20078 | Lair:6   | Entered Level 6 of the Lair of Beasts
 20367 | Lair:5   | Found an iron altar of Okawaru.
 20628 | Lair:5   | Identified the +2 chain mail of Poepp {rC+ Will+ rCorr
                  | Dex+3}
 20633 | Lair:5   | You fall into a shaft and drop 1 floor!
 21059 | Lair:5   | Reached skill level 15 in Stealth
 21426 | Lair:5   | Found a staircase to the Slime Pits.
 21792 | Lair:6   | Reached skill level 16 in Stealth
 22573 | Lair:6   | Noticed a dire elephant
 22579 | Lair:6   | Noticed a dire elephant
 22582 | Lair:6   | Noticed a dire elephant
 22582 | Lair:6   | Killed a dire elephant
 22584 | Lair:6   | Killed a dire elephant
 23020 | Lair:6   | Reached XP level 15. HP: 64/96 MP: 15/15
 24537 | Orc:1    | Entered Level 1 of the Orcish Mines
 24620 | D:9      | Reached ****** piety under Wu Jian
 24861 | Orc:1    | Paralysed by an orc sorcerer for 6 turns
 25575 | Orc:2    | Entered Level 2 of the Orcish Mines
 25646 | Orc:2    | Found Wuplippo's Antique Weapon Emporium.
 25646 | Orc:2    | Noticed Nessos
 25651 | Orc:2    | Killed Nessos
 25715 | Orc:2    | Bought a faintly glowing dagger for 210 gold pieces
 25715 | Orc:2    | Identified the +2 dagger of Wrath {speed, rN+ rCorr} (You
                  | bought it in a shop on level 2 of the Orcish Mines)
 25826 | Orc:2    | Found a staircase to the Elven Halls.
 25832 | Orc:2    | Found Dent's Jewellery Shoppe.
 25832 | Orc:2    | Noticed an orc warlord
 25853 | Orc:2    | Killed an orc warlord
 26030 | Orc:2    | Found Eriulix's Antique Armour Shoppe.
 26175 | Orc:2    | Reached skill level 17 in Stealth
 26186 | Orc:2    | Found Hovid's General Store.
 26316 | Orc:2    | Found a runed translucent door.
 26370 | Orc:2    | Found a shimmering altar of Xom.
 26370 | Orc:2    | Noticed AttackTheMoon's ghost (journeyman TrMo)
 26544 | Orc:2    | Bought a +1 pair of gloves of dexterity for 165 gold pieces
 26615 | Orc:2    | Killed AttackTheMoon's ghost
 26828 | D:13     | Noticed Rupert
 26829 | D:13     | Killed Rupert
 26829 | D:13     | Reached skill level 18 in Stealth
 26830 | D:13     | Reached XP level 16. HP: 93/101 MP: 16/16
 28528 | D:14     | Found a gate to the Vaults.
 28621 | D:15     | Entered Level 15 of the Dungeon
 29142 | D:15     | Reached skill level 19 in Stealth
 29142 | D:15     | Reached XP level 17. HP: 111/111 MP: 17/17
 29143 | D:15     | Reached skill level 10 in Evocations
 29143 | D:15     | Reached XP level 18. HP: 116/116 MP: 18/18
 29171 | D:15     | Reached skill level 20 in Stealth
 29792 | D:15     | Found a staircase to the Depths.
 30543 | Elf:1    | Entered Level 1 of the Elven Halls
 30753 | Elf:1    | Reached skill level 10 in Armour
 30905 | Elf:1    | Found Suolyduc's Weapon Shoppe.
 31026 | Elf:1    | HP: 3/116 [burnt (3)]
 31471 | Elf:1    | Paralysed by an air elemental for 1 turns
 31709 | Elf:1    | Found Gifys's Antique Armour Emporium.
 31985 | Elf:1    | Paralysed by an air elemental for 1 turns
 32045 | Elf:1    | Found Fatuuf's Jewellery Emporium.
 32059 | Elf:1    | Reached skill level 21 in Stealth
 32773 | Elf:2    | Reached XP level 19. HP: 121/121 MP: 19/19
 32892 | Elf:2    | Found a crumbling gateway.
 32933 | Elf:2    | Found a glowing silver altar of Zin.
 32933 | Elf:2    | Found a white marble altar of Elyvilon.
 32933 | Elf:2    | Found a glowing golden altar of the Shining One.
 32954 | Desolati | Entered the Desolation of Salt
 32982 | Desolati | Reached skill level 15 in Dodging
 33914 | Desolati | Got the Papyrus of Summoning
 34082 | Desolati | Found the +4 robe of Augmentation {Str+4 Int+4 Dex+4}
 34096 | Desolati | Identified the +5 great mace "Jellyslayer" {holy, rF+
                  | Dex+4}
 34097 | Desolati | Identified the +6 scythe of Uwuurpham {vorpal, rCorr
                  | Stlth+}
 34101 | Desolati | Got Icacaf's Disquisition on the Escort
 34107 | Desolati | Upgraded the game from 0.28-a0-750-g7c675f85b1 to
                  | 0.28-a0-751-gef3a642a4e
 34192 | Desolati | Reached skill level 10 in Throwing
 34346 | Desolati | Identified the ring "Inohib" {MP+9 Str+3 SInv}
 35431 | Elf:2    | Found a huge runed translucent gate.
 35431 | Elf:2    | Found a huge runed translucent gate.
 35431 | Elf:2    | Found a huge runed translucent gate.
 35598 | Elf:2    | Found a huge runed translucent gate.
 35598 | Elf:2    | Found a huge runed translucent gate.
 35634 | Elf:2    | Noticed a deep elf blademaster
 35635 | Elf:2    | Killed a deep elf blademaster
 36929 | Swamp:1  | Entered Level 1 of the Swamp
 36989 | Swamp:1  | Found a frozen archway.
 36995 | IceCv    | Entered an ice cave
 37014 | IceCv    | Mangled by a golden dragon simulacrum

Illustrated notes

Levels and vault maps discovered:
D:1:      amcnicky_arrival_blooded_trapdoor, layout_basic, serial_shops, shop,
          hellmonk_ecumenical_altar_leap_of_faith
D:2:      minmay_evil_eye, layout_basic
D:3:      layout_basic, grunt_temple_overflow_order_and_chaos_2
D:4:      layout_basic, dk_noncrumbling_4, amethyst_killhole,
          chequers_serial_rivers_small_b, minmay_hedge_maze,
          hangedman_abyss_or_decor_lesser_grid, grunt_decor_one_mirror,
          uniq_natasha
D:5:      layout_rooms, pdpol_wu_jian_five_deadly_venoms, jmf_multi_god_temple2,
          serial_shops, kennysheep_little_box, hangedman_glass_teeth,
          grunt_ministairs_13, eino_small_chamber_without_monster
D:6:      layout_rooms, grunt_dithmenos_smoke_and_mirrors,
          grunt_temple_overflow_bloody_war, tgw_xom,
          cheibrodos_sewer_entry_drain, kennysheep_flooded_box,
          uniq_prince_ribbit1
D:7:      layout_basic, lemuel_temple_firewalk_b
D:8:      layout_basic, lemuel_doored_altar, slow_altar_2, serial_corexii_hall,
          corexii_hall_statues_t, corexii_hall_statues_u, uniq_erica,
          uniq_maggie, uniq_grum
D:9:      layout_long_grid, orc_0_dummy
D:10:     layout_irregular_city, kennysheep_mini,
          mainiacjoe_overflow_tiny_flanked, uniq_urug
D:11:     layout_layer_cave, grunt_lair_entry_orc_guard_hut, serial_glass,
          glass_columns_a, glass_columns_c, nicolae_qazlal_eye_of_the_storm,
          uniq_maurice
D:12:     layout_roguey
D:13:     layout_basic, minivault_27, minmay_lizard_king, uniq_rupert
D:14:     layout_cave_pools, david_vaults_1, chequers_serial_rivers_micro_b
D:15:     grunt_enter_depths_magical_seal, layout_loops_ring,
          chequers_serial_rivers_small_3
Lair:1:   layout_regular_city, infiniplex_staircase_pool, serial_bayou_shore_b,
          serial_bayou_shore_b, grunt_megastairs_3, uniq_gastronok
Lair:2:   layout_gridlike, swamp_mist, minivault_23
Lair:3:   layout_long_grid, spider_nest_entry_funnel_web
Lair:4:   layout_regular_city, grunt_megastairs_2
Lair:5:   layout_cave_pods, minmay_slime_entry_pillars, basic_altar,
          special_room [special_room_bee], hibernation_bobbens
Lair:6:   due_jungle_book, layout_regular_city, grunt_megastairs_1
Swamp:1:  layout_basic_swamp, portal_ice_cave_entry_pillars_1,
          evilmike_swamp_ruin_house_5, infiniplex_staircase_pool_2
Orc:1:    layout_caves
Orc:2:    grunt_orc_gardens, layout_diamond_mine, grunt_orc_garden,
          grunt_orc_garden, grunt_orc_garden, grunt_orc_garden,
          ebering_ghost_xom, uniq_nessos
Elf:1:    eino_elf_arrival_sip, layout_geoelf_diagonals, serial_shops,
          nicolae_shop_trees, evilmike_minifort, minmay_shoptagon
Elf:2:    elven_hall_of_blades_hangedman_alternative [mumra_blade_entry_dagger],
          layout_gridlike, portal_desolation_entry_holy_temple
IceCv:    ice_cave_statue_garden_chambered

Skill      XL: |  1  2  3  4  5  6  7  8  9 10 11 12 13 14 15 16 17 18 19 |
---------------+----------------------------------------------------------+-----
Short Blades   | 3 4 5 6 7 9 10 11 12 14 | 14.0
Dodging        | 2 3 4 8 11 12 14 16 | 16.0
Stealth        | 6 7 8 11 12 14 16 18 19 21 | 21.0
Fighting       | 3 5 6 8 10 11 12 14 | 14.0
Shields        | 3 5 6 8 9 |  9.7
Evocations     | 3 4 5 6 8 10 11 | 11.0
Armour         | 2 4 6 8 10 | 10.0
Throwing       | 4 6 8 10 | 10.0

Action                   |  1- 3 |  4- 6 |  7- 9 | 10-12 | 13-15 | 16-18 | 19-21 || total
-------------------------+-------+-------+-------+-------+-------+-------+-------++-------
Melee: Dagger            |    77 |    53 |       |       |   433 |  1452 |   979 ||  2994
       Short sword       |       |    62 |   297 |   673 |  1922 |       |       ||  2954
Throw: Dart              |     3 |       |    17 |    37 |    21 |    26 |     6 ||   110
Invok: Lunge             |       |       |    35 |    60 |   100 |    44 |    72 ||   311
       Whirlwind         |       |       |       |    42 |   225 |   182 |   181 ||   630
       Serpent's Lash    |       |       |       |     2 |     8 |     5 |    11 ||    26
       Heavenly Storm    |       |       |       |       |     2 |       |     1 ||     3
 Abil: Wall Jump         |       |       |       |     8 |    12 |     2 |     2 ||    24
Evoke: Wand              |       |       |       |     3 |     4 |       |     7 ||    14
       Lightning rod     |       |       |       |       |     4 |       |     4 ||     8
       Box of beasts     |       |       |       |       |     2 |       |     1 ||     3
       Condenser vane    |       |       |       |       |     1 |     1 |     1 ||     3
  Use: Scroll            |       |       |     8 |     6 |    18 |     7 |     6 ||    45
       Potion            |       |       |     1 |     3 |     3 |     7 |     9 ||    23
 Stab: Sleeping          |    17 |    22 |    34 |    38 |    74 |    23 |    60 ||   268
       Distracted        |       |     1 |     4 |     5 |     8 |    12 |       ||    30
       Petrifying        |       |       |       |       |     1 |       |       ||     1
       Petrified         |       |       |       |       |     1 |       |       ||     1
       Invisible         |       |       |       |       |     4 |     1 |     2 ||     7
       Fleeing           |       |       |       |       |       |       |     1 ||     1
Armor: Ring mail         |    29 |    24 |    22 |     7 |       |       |       ||    82
       Steam dragon scal |       |       |       |    42 |    83 |       |       ||   125
       Skin              |       |       |       |       |    87 |       |       ||    87
       Troll leather arm |       |       |       |       |     8 |     2 |       ||    10
       Chain mail        |       |       |       |       |       |   111 |    67 ||   178
       Robe              |       |       |       |       |       |       |     4 ||     4
Dodge: Dodged            |    44 |    42 |    63 |   141 |   567 |   189 |   161 ||  1207
Block: Buckler           |       |       |    41 |   125 |   559 |   245 |   152 ||  1122
       Reflection        |       |       |       |     7 |     7 |     5 |       ||    19
       Kite shield       |       |       |       |       |       |       |    76 ||    76

Table legend: (Time is in decaauts)
 A = Elapsed time spent in this place.
 B = Non-inter-level travel time spent in this place.
 C = Inter-level travel time spent in this place.
 D = Time resting spent in this place.
 E = Time spent auto-exploring this place.
 F = Levels seen in this place.
 G = Mean time per level.
                   A        B        C        D        E       F      G
               +--------+--------+--------+--------+--------+-----+--------+
         Total |  35251 |  33039 |   2212 |   6180 |  21206 |  29 | 1215.6 |
       Dungeon |  18095 |  16688 |   1407 |   2920 |  11409 |  15 | 1206.3 |
          Lair |   8826 |   8404 |    422 |   1606 |   5669 |   6 | 1471.0 |
         Swamp |     72 |     72 |      0 |      0 |      0 |   1 |   72.0 |
  Orcish Mines |   1497 |   1268 |    229 |     22 |    860 |   2 |  748.5 |
   Elven Halls |   4215 |   4062 |    153 |    925 |   2277 |   2 | 2107.5 |
         Sewer |    955 |    955 |      0 |    100 |    597 |   1 |  955.0 |
      Ice Cave |     17 |     17 |      0 |      0 |      1 |   1 |   17.0 |
    Desolation |   1571 |   1571 |      0 |    606 |    392 |   1 | 1571.0 |
               +--------+--------+--------+--------+--------+-----+--------+

Top non-repeatable levels by time:
  Lair:6: 2352 daAuts
   Elf:2: 2193 daAuts
     D:9: 2126 daAuts
   Elf:1: 2021 daAuts
     D:5: 1740 daAuts
    D:11: 1649 daAuts
Desolation: 1571 daAuts
  Lair:5: 1548 daAuts
  Lair:1: 1545 daAuts
  Lair:4: 1451 daAuts
     D:4: 1422 daAuts
    D:15: 1322 daAuts
    D:10: 1267 daAuts
     D:8: 1245 daAuts
    D:14: 1225 daAuts
